 Dungeon Crawl Stone Soup version 0.24.0-1-gfbc8707 (webtiles) character file.

Game seed: 8929930325328018027, levelgen mode: deterministic

4 Exaltedone87 the Grasshopper (level 1, -1/19 HPs)
             Began as a Naga Warper on Nov 7, 2019.
             Slain by a jackal (3 damage)
             ... on level 1 of the Dungeon.
             The game lasted 00:00:44 (96 turns).

Exaltedone87 the Grasshopper (Naga Warper)            Turns: 96, Time: 00:00:45

Health: -1/19      AC:  1    Str: 13    XL:     1   Next: 70%
Magic:  3/3        EV:  9    Int: 13    God:
Gold:   0          SH:  0    Dex: 10    Spells: 4/4 levels left

rFire    . . .     SeeInvis +   a - +0 spear
rCold    . . .     Gourm    .   (no shield)
rNeg     . . .     Faith    .   b - +0 leather armour
rPois    +         Spirit   .   (no helmet)
rElec    .         Reflect  .   (no cloak)
rCorr    .         Harm     .   (no gloves)
MR       .....                  (no barding)
Stlth    +.........             (no amulet)
HPRegen  0.06/turn              (no ring)
MPRegen  0.08/turn              (no ring)

@: very slow
A: large, see invisible, deformed body, poison resistance, slowness 2, slow
metabolism 1, spit poison 1, AC +0
a: Spit Poison


You were on level 1 of the Dungeon.
You were not hungry.

You visited 1 branch of the dungeon, and saw 1 of its levels.

Inventory:

Hand Weapons
 a - a +0 spear (weapon)
Missiles
 e - 5 boomerangs of dispersal
 g - 7 boomerangs (quivered)
Armour
 b - a +0 leather armour (worn)
Scrolls
 c - a scroll of identify {unknown}
 d - a scroll of blinking
Comestibles
 f - 2 rations


   Skills:
 + Level 2.0 Fighting
 + Level 2.2 Polearms
 + Level 0.8 Throwing
 + Level 0.7 Armour
 + Level 1.7 Dodging
 + Level 2.0 Spellcasting
   Level 3.0 Translocations


You had 4 spell levels left.
You didn't know any spells.
Your spell library contained the following spells:

 Spells                   Type           Power        Failure   Level  Hunger
 Blink                    Tloc           N/A          14%         2    ###....
 Shroud of Golubria       Chrm/Tloc      #.....       26%         2    ###....
 Gell's Gravitas          Tloc           #.........   28%         3    ####...
 Lesser Beckoning         Tloc           #.........   28%         3    ####...
 Teleport Other           Tloc           #.......     28%         3    ####...
 Passage of Golubria      Tloc           N/A          67%         4    #####..


Dungeon Overview and Level Annotations

Branches:
Dungeon (1/15)

Altars:


Innate Abilities, Weirdness & Mutations

You cannot wear boots.
Your serpentine skin is tough. (AC +0)
You have supernaturally acute eyesight. (SInv)
Armour fits poorly on your strangely shaped body.
Your system is resistant to poisons. (rPois)
You cover ground very slowly.
You have a slow metabolism.
You can spit poison.


Message History

* * * LOW HITPOINT WARNING * * *
You aren't carrying any potions.
You barely miss the jackal. The jackal closely misses you.
You completely miss the jackal. The jackal closely misses you.
You hit the jackal.
The jackal is heavily wounded.
The jackal barely misses you. The jackal misses you.
You hit the jackal.
You kill the jackal!
You barely miss the jackal. The jackal barely misses you.
The jackal closely misses you.
You hit the jackal.
The jackal is moderately wounded.
The jackal bites you.
* * * LOW HITPOINT WARNING * * *
You barely miss the jackal.
The jackal is moderately wounded.
The jackal bites you but does no damage.
You barely miss the jackal. The jackal bites you.
You die...

...... ...... # #..( #######
#... ..
##..#####.....#####.####..
#..####.......#.###.............
...................lh.†.........
######.#.....#..##hhhr.hh.....h
######.#.....#..##.#####.h####.
#...(........#####hh.# #....?#
###.##.#......@hhhh### ###.#.#
#...........####....... [h...
###...§≈§≈...##...≈≈≈≈. ...g.
#..≈≈≈≈≈≈......≈≈≈≈≈≈ .....
#..≈≈≈≈§§§.....≈≈≈≈≈≈ .####
#.§≈≈≈≈§§§.....≈≈≈≈≈≈ ..
#...§≈§≈..##+#..≈≈≈≈. ##
#........###.##......
##.......'.<>.+


You could see 6 jackals.

Vanquished Creatures
  2 bats (D:1)
  A jackal (D:1)
  A frilled lizard (D:1)
  A kobold (D:1)
5 creatures vanquished.

Notes
Turn   | Place    | Note
-------+----------+-------------------------------------------
     0 | D:1      | Exaltedone87 the Naga Warper began the quest for the Orb.
     0 | D:1      | Reached XP level 1. HP: 19/19 MP: 3/3
    96 | D:1      | Slain by a jackal

Levels and vault maps discovered:
D:1:      dpeg_arrival_pits, layout_basic, minmay_misc_feat_tower

Action                   || total
-------------------------++-------
Melee: Spear             ||    28
Armor: Leather armour    ||    11
Dodge: Dodged            ||    28
